[Event "Late-Titled-Tuesday-Blitz-April-16-2024"]
[Site "Chess.com"]
[Date "2024.04.16"]
[Round "10"]
[White "kleber2007"]
[Black "Smiechu"]
[Result "0-1"]
[WhiteElo "2504"]
[BlackElo "2416"]
[TimeControl "180+1"]
[EndTime "15:55:44 PDT"]
[Termination "Smiechu won by resignation"]

1. Nf3 Nf6 2. g3 c5 3. Bg2 Nc6 4. O-O g6 5. d4 cxd4 6. Nxd4 Bg7 7. Nc3 O-O 8. Bf4 d6 9. Nxc6 bxc6 10. Bxc6 Rb8 11.
Rb1 Bh3 12. Bg2 Bxg2 13. Kxg2 Qa5 14. Bd2 Rfc8 15. e4 Rc4 16. Re1 Rd4 17. Qe2 Nd7 18.
Be3 Rdb4 19. Nd5 Rxb2 20. Nxe7+ Kf8 21. Nc6 Qxa2 22. Ra1 Qe6 23. Nxb8 Qxe4+ 24. Qf3 Qxf3+ 25. Kxf3 Rxb8 26. Rxa7 Ne5+ 27. Kg2 Nc4 28. Bg5 Be5 29. Rc7 Nb6 30. f4 Nd5 31. Rd7 Bc3 32. Re4 f5 33. Ra4 Nb6 34. Raa7 Nxd7 35. Rxd7 Kg8 36. Rxd6 Rb2 37.
Rc6 Rxc2+ 38. Kf3 Rc1 39. Rc8+ Kf7 40. Rc7+ Kg8 41. Ke2 Bb2 42. Rb7 Rc2+ 43. Kd3 Rxh2 44. Rb8+ Kf7 45. Rb7+ Ke6 46. Rb6+ Kd5 47. Rb5+ Kc6 48.
Ra5 Rg2 49. Ra7 Rxg3+ 50. Ke2 Rh3 51. Rf7 Kd5 52. Re7 h6 53. Rb7 hxg5 54. fxg5 Be5 55. Kf2 Rh2+ 56. Kf3 Rh3+ 57. Kg2 Rc3 58. Rb5+ Ke4 59.
Ra5 Kf4 60. Ra4+ Kxg5 61. Kf2 Bf4 62. Ke2 Kg4 63. Kd1 Re3 64. Kd2 Re4+ 65. Kd1 Rxa4 0-1

[Event "Late-Titled-Tuesday-Blitz-April-16-2024"]
[Site "Chess.com"]
[Date "2024.04.16"]
[Round "10"]
[White "artin10862"]
[Black "Revan_2002"]
[Result "1/2-1/2"]
[WhiteElo "2934"]
[BlackElo "2756"]
[TimeControl "180+1"]
[EndTime "15:56:43 PDT"]
[Termination "Game drawn - insufficient material"]

1. e4 e5 2. Nf3 Nc6 3. Bb5 a6 4.
Ba4 d6 5. c3 Bd7 6. d4 Nf6 7.
Nbd2 g6 8. O-O Bg7 9. Bxc6 Bxc6 10. dxe5 Nxe4 11. Nxe4 Bxe4 12. Ng5 Bf5 13. exd6 O-O 14.
dxc7 Qxc7 15. Be3 b5 16. Qb3 h6 17. Nf3 Be6 18. Qb4 Rfd8 19. a4 Bc4 20. axb5 axb5 21.
Qc5 Qxc5 22. Bxc5 Bxf1 23. Rxf1 Ra2 24. Ba3 b4 25. Bxb4 Rxb2 26. h4 Rc2 27. g3 Bxc3 28. Bxc3 Rxc3 29. Kg2 Ra3 30. Rc1 Kg7 31. Rc2 Rda8 32.
Ne5 Ra2 33. Rc7 R8a7 34. Rc3 R2a3 35. Rc2 Ra1 36. Nd3 R1a2 37. Rc1 Rd7 38. Rc3 Re7 39. Nf4 Rd7 40. Nd3 Rd2 41. Ne5 Ra7 42. Nf3 Re2 43. Rc1 Raa2 44. Rf1 Kf6 45. Ng1 Reb2 46. Nh3 g5 47.
hxg5+ hxg5 48. g4 Rb4 49. Kg3 Ra3+ 50. f3 Rbb3 51. Ng1 Ra2 52. Nh3 Rbb2 53. Nf2 Kg6 54.
Kg2 f6 55. Kg3 Rc2 56. Kg2 Rcb2 57. Kg3 f5 58. gxf5+ Kxf5 59. Ng4 Rg2+ 60. Kh3 Rge2 61. Rg1 Kf4 62. Rg3 Ra1 63. Nh2 Rh1 64. Rg4+ Kf5 65.
Rg2 Rxg2 66. Kxg2 Ra1 67. Kg3 Rg1+ 68. Kf2 Ra1 69. Kg3 Ra2 70. Ng4 Re2 71. Nf2 Re3 72.
Ng4 Ra3 73. Nh6+ Kg6 74. Ng4 Ra4 75. Ne5+ Kf5 76. Ng4 Ke6 77. Nf2 Kd5 78. Ne4 Ke5 79.
Nxg5 Kf5 80. Nh3 Ra3 81. Nf2 Rxf3+ 82. Kxf3 1/2-1/2

[Event "Late-Titled-Tuesday-Blitz-April-16-2024"]
[Site "Chess.com"]
[Date "2024.04.16"]
[Round "10"]
[White "Licancabur"]
[Black "PhileKhoob"]
[Result "1-0"]
[WhiteElo "2454"]
[BlackElo "2310"]
[TimeControl "180+1"]
[EndTime "15:56:59 PDT"]
[Termination "Licancabur won on time"]

1. d4 d5 2. Bg5 f6 3. Bc1 e5 4.
Nc3 e4 5. Bf4 c6 6. e3 Bd6 7. f3 f5 8. fxe4 fxe4 9. Qh5+ g6 10. Qg5 Qxg5 11. Bxg5 Be7 12. Bxe7 Nxe7 13. Nge2 Nf5 14.
Kd2 O-O 15. Nf4 Nd7 16. g3 Nf6 17. Be2 g5 18. Nh5 Be6 19. Raf1 Nxh5 20. Bxh5 Ng7 21. Be2 Bh3 22. Rxf8+ Rxf8 23. Nd1 g4 24. c4 h5 25. Rg1 Ne6 26. cxd5 cxd5 27. Ke1 Ng5 28. Nc3 Nf3+ 29. Bxf3 gxf3 30. Kf2 Be6 31. Rc1 Rc8 32. Rg1 Rc6 33. a3 Kf7 34. Rc1 a6 35. Rg1 b5 36. Rh1 Bh3 37. Rc1 Ke6 38. Na2 Rxc1 39. Nxc1 Kd6 40. b4 Bc8 41. Na2 Ke7 42. Nc3 Bb7 43. Nd1 Kf6 44. Kg1 Kg5 45. Nf2 Bc8 46. Kf1 h4 47. Kg1 hxg3 48. hxg3 Bg4 49. Nd1 Bh3 50. Kf2 Bc8 51. Nc3 Bb7 52. Nb1 Kg4 53. Nd2 Bc8 54.
Nb3 Kf5 55. Nc5 Kg4 56. Nb3 Kf5 57. Na5 Kf6 58. Nc6 Bd7 59. Na5 Be8 60. Nb7 Bd7 61. Nc5 Bc8 62. Nb3 Ke7 63. Nd2 Kd6 64. Nb1 Kc6 65. Nc3 Be6 66. Nd1 Kb6 67. Nc3 a5 68.
Kg1 a4 69. Kf2 Bd7 70. Kg1 Bc6 71. Kf2 Kc7 72. Nb1 Kd6 73. Nd2 Ke6 74. Nf1 Kf5 75.
Nh2 Kg5 76. Kg1 Bd7 77. Kf2 Bh3 78. Kg1 Bg2 79. Kf2 Bh3 80. Kg1 Bg4 81. Nf1 Bf5 82. Kf2 Kg4 83. Nd2 Kh3 84. Nb1 Bg4 85. Nc3 Be6 86. Nxb5 Kg4 87. Nc7 Bf7 88. b5 Kf5 89. b6 Kf6 90. b7 1-0

[Event "Late-Titled-Tuesday-Blitz-April-16-2024"]
[Site "Chess.com"]
[Date "2024.04.16"]
[Round "10"]
[White "albayo"]
[Black "JoakimVonAnd"]
[Result "1/2-1/2"]
[WhiteElo "2524"]
[BlackElo "2681"]
[TimeControl "180+1"]
[EndTime "15:57:01 PDT"]
[Termination "Game drawn - insufficient material"]

1. Nf3 d5 2. g3 Nf6 3. Bg2 Bf5 4. O-O e6 5. c4 c6 6. d4 Nbd7 7. Nc3 Be7 8. Nd2 O-O 9. e4 dxe4 10. Ndxe4 Nxe4 11. Nxe4 Nf6 12. Nc3 Qc7 13. Bf4 Bd6 14. Bg5 Be7 15.
Rc1 Rfd8 16. Qb3 h6 17. Bf4 Bd6 18. Bxd6 Rxd6 19. d5 Rd7 20. dxc6 bxc6 21. Qa4 Rc8 22. Rfd1 Qb6 23. Rxd7 Nxd7 24. b4 Ne5 25. c5 Qc7 26. Rd1 a5 27. Qxa5 Qxa5 28. bxa5 Ra8 29. f4 Nd3 30. g4 Bh7 31. Bxc6 Rxa5 32. Bb5 Ra3 33.
Nb1 Rxa2 34. Bxd3 Bxd3 35. Rxd3 Rb2 36. Nd2 Rc2 37. Ne4 Rc4 38. Rd8+ Kh7 39. Nd6 Rxc5 40.
Nxf7 g5 41. fxg5 hxg5 42. Kg2 Kg6 43. Nd6 Rd5 44. Nb7 Rb5 45. Rd7 Rb2+ 46. Kg3 Rb3+ 47.
Kg2 Rb2+ 48. Kf3 Rb3+ 49. Ke4 Rb4+ 50. Ke5 Rxg4 51. Rd2 Kh5 52. Nc5 Rb4 53. Nxe6 Kh4 54. Nd4 Kh3 55. Nf3 g4 56. Ng5+ Kh4 57. Ne4 Rb5+ 58.
Kf4 Rb8 59. Rg2 Rf8+ 60. Ke3 Kh3 61. Re2 Rf3+ 62. Kd4 Rf8 63. Ng5+ Kh4 64. Ne6 Re8 65. Ke5 Ra8 66. Kf6 Ra3 67. Nf4 g3 68. hxg3+ Kxg3 69. Nd5 Kf3 70. Rc2 Ra6+ 71. Ke5 Ra5 72. Rc5 Rxc5 73. Kd4 Ra5 74. Kc4 Ra8 75. Kc5 Ke4 76. Nf6+ Ke5 77. Nd7+ Ke6 78. Nb6 Rb8 79. Nc4 Rc8+ 80.
Kd4 Rc7 81. Ne3 Rd7+ 82. Ke4 Ra7 83. Nc4 Ra4 84. Kd3 Rb4 85. Kc3 Ra4 86. Kd4 Ra1 87. Kc3 Rh1 88. Kd4 Rh4+ 89. Kd3 Kd5 90. Ne3+ Kc5 91.
Nf5 Rf4 92. Ne3 Rf3 93. Ke4 Rh3 94. Nf5 Rh5 95. Ne3 Rh4+ 96. Ke5 Rh8 97. Nf5 Re8+ 98. Kf6 Kd5 99. Ne7+ Kd6 100. Nf5+ Kd5 101. Ne7+ Ke4 102. Kf7 Ra8 103. Ke6 Ra6+ 104. Kd7 Ke5 105. Nc6+ Kd5 106. Nb4+ Kc5 107. Nxa6+ 1/2-1/2

[Event "Late-Titled-Tuesday-Blitz-April-16-2024"]
[Site "Chess.com"]
[Date "2024.04.16"]
[Round "10"]
[White "N_Mullodzhanov"]
[Black "micke12a"]
[Result "1-0"]
[WhiteElo "2549"]
[BlackElo "2443"]
[TimeControl "180+1"]
[EndTime "15:58:04 PDT"]
[Termination "N_Mullodzhanov won on time"]

1. e4 c5 2. c3 e6 3. Nf3 Nc6 4.
d4 d5 5. exd5 Qxd5 6. Na3 a6 7.
Nc4 Qd8 8. Be3 b5 9. Nce5 Nxe5 10. Nxe5 Bb7 11. dxc5 Qc7 12. c6 Bxc6 13. Nxc6 Qxc6 14.
Qc2 Nf6 15. O-O-O Bc5 16. Bf4 O-O 17. f3 Nd5 18. Bd2 Rac8 19. Bd3 g6 20. Rde1 b4 21.
c4 Nb6 22. h4 Qa4 23. b3 Qa3+ 24. Kb1 Bd4 25. Bc1 Qa5 26. Qe2 Bc3 27. Rd1 Qe5 28. Qxe5 Bxe5 29. Be4 a5 30. Be3 Rb8 31. h5 a4 32. Bc5 Rfc8 33. Be3 axb3 34. axb3 Na8 35.
hxg6 hxg6 36. f4 Bg7 37. g4 Nc7 38. f5 exf5 39. gxf5 Re8 40. Bf4 Rxe4 41. Bxc7 Rc8 42. Bd6 gxf5 43. Bxb4 Rb8 44. Bd2 Rxb3+ 45. Kc2 Rb2+ 46.
Kd3 Rd4+ 47. Ke3 f4+ 48. Ke2 Rxc4 49. Rhf1 Bc3 50. Rg1+ Kf8 51. Rgf1 Re4+ 52. Kd3 Bxd2 53. Kxe4 Be3 54. Rd7 Ke8 55. Rc7 Rb4+ 56. Kf5 Rb5+ 57. Kg4 f5+ 58. Kf3 Bb6 59. Rg7 Kf8 60. Rh7 Be3 61.
Rh8+ Kg7 62. Rh5 Kg6 63. Rh8 Kf6 64. Rf8+ Ke6 65. Ra8 Rb3 66. Ra6+ Kd5 67. Rd1+ Kc4 68. Ra4+ Kb5 69. Ra2 Bd2+ 70. Ke2 Be3 71. Rd5+ Kc4 72. Rxf5 Rc3 73. Ra4+ Kb3 74. Ra8 Rc2+ 75. Kf3 Rf2+ 76. Ke4 Rf1 77. Rb8+ Kc4 78. Rc8+ Kb4 79. Re8 Kc3 80.
Kd5 Rd1+ 81. Kc6 Rd4 82. Re6 Kd3 83. Kc7 Rc4+ 84. Kd7 Ke2 85. Ke7 f3 86. Rfe5 Rc3 87.
Rh6 f2 88. Rh2 Ke1 89. Rxf2 Kxf2 90. Re6 Ke2 91. Kf7 Kd3 92. Ke7 Bd4 93. Kd7 Rc5 94. Re8 Rd5+ 95. Ke6 Re5+ 96. Kf7 Ra5 97. Re6 Kc4 98. Rg6 Kd5 99. Rg5+ Be5 100. Rg6 Ra7+ 101. Kg8 Ke4 102. Kf8 Kf5 103. Rc6 Bf6 104. Ke8 Kg6 105. Rc2 Re7+ 106. Kf8 Rd7 107. Rg2+ Bg5 108. Re2 Rd8+ 109. Re8 Rd7 110. Re6+ Bf6 111. Re2 Rd8+ 112. Re8 Rd7 113. Re2 Bg7+ 114. Ke8 Ra7 115. Re6+ Kf5 116. Rc6 Be5 117. Kf8 Bf6 118. Ke8 Kg6 119. Rc1 Re7+ 120. Kf8 Rd7 121. Re1 Rd8+ 122. Re8 1-0

[Event "Late-Titled-Tuesday-Blitz-April-16-2024"]
[Site "Chess.com"]
[Date "2024.04.16"]
[Round "10"]
[White "Statham_01"]
[Black "SergioMoralesG"]
[Result "1/2-1/2"]
[WhiteElo "2588"]
[BlackElo "2440"]
[TimeControl "180+1"]
[EndTime "15:58:04 PDT"]
[Termination "Game drawn - insufficient material"]

1. e4 c5 2. a3 Nc6 3. b4 cxb4 4. axb4 Nxb4 5. c3 Nc6 6. d4 d5 7. exd5 Qxd5 8. Na3 Nf6 9. Nb5 Qd8 10. d5 Ne5 11. Bf4 Nfd7 12. Nf3 f6 13. Bd3 g6 14. Nfd4 Nc5 15. Bc2 Bg7 16. O-O O-O 17. Nxa7 Bd7 18. Nab5 Rxa1 19. Qxa1 Bxb5 20. Nxb5 Qxd5 21.
Rd1 Qc6 22. Nd4 Qc8 23. Qa2+ Kh8 24. h3 Rd8 25. Re1 Qd7 26. Bxe5 fxe5 27. Nf3 Qd5 28.
Qa5 Nd3 29. Qxd5 Rxd5 30. Rb1 e4 31. c4 Ra5 32. Nd2 Ra2 33. Nxe4 Rxc2 34. Rxb7 Bf6 35. Rd7 Ne5 36. Rd8+ Kg7 37. c5 Kf7 38. Kh2 h5 39.
f4 Nc6 40. Rc8 Nd4 41. Rd8 Ke6 42. Nxf6 exf6 43. Rd6+ Ke7 44. Rxd4 Rxc5 45. Kg3 Ke6 46. Rd3 g5 47. Rf3 Kf5 48. fxg5+ Kxg5 49. Rd3 h4+ 50. Kf3 Rc4 51. Rd5+ f5 52. Rd8 Rf4+ 53. Ke3 Ra4 54. Rg8+ Kf6 55. Rh8 Kg5 56. Rg8+ Kf6 57. Kf2 Rb4 58. Rf8+ Kg5 59. Rh8 Ra4 60. Kf3 Ra3+ 61.
Kf2 Ra2+ 62. Kg1 Ra1+ 63. Kh2 Ra4 64. Rg8+ Kf6 65. Rb8 Kg5 66. Rb3 Ra2 67. Kg1 Ra1+ 68. Kf2 Ra2+ 69. Kf3 Ra4 70. Rd3 Rf4+ 71. Ke3 Ra4 72.
Kf2 Ra2+ 73. Kf3 Ra4 74. g3 hxg3 75. Kxg3 Rb4 76. Rf3 Ra4 77. Rd3 Rb4 78. Ra3 Rc4 79. Ra8 Rc3+ 80. Kf2 Kf4 81. Ra4+ Kg5 82. Kg2 Rc2+ 83.
Kf3 Rc3+ 84. Kg2 Rc2+ 85. Kf1 Rc3 86. h4+ Kh5 87. Kg2 Rb3 88. Rf4 Rc3 89. Kh2 Rb3 90.
Kg2 Rc3 91. Kf2 Rb3 92. Ke2 Ra3 93. Kd2 Rb3 94. Kc2 Rh3 95. Rxf5+ Kxh4 96. Rd5 Rg3 97.
Kd2 Kg4 98. Ke2 Rg2+ 99. Ke3 Rg3+ 100. Kf2 Ra3 101. Rd4+ Kf5 102. Rd2 Rb3 103. Re2 Rb5 104. Rd2 Re5 105. Kf3 Rb5 106. Rd6 Rb3+ 107. Kf2 Rb2+ 108. Kf3 Rb3+ 109. Ke2 Rb2+ 110. Ke3 Rb3+ 111. Kd4 Rb4+ 112. Kc5 Rh4 113. Rd5+ Ke6 114. Rd6+ Ke7 115. Rd4 Rh5+ 116. Kc4 Rh6 117. Kc3 Rc6+ 118. Kd3 Rd6 119. Ke4 Rxd4+ 120. Kxd4 1/2-1/2

[Event "Late-Titled-Tuesday-Blitz-April-16-2024"]
[Site "Chess.com"]
[Date "2024.04.16"]
[Round "11"]
[White "StopLookingAtMyProfile"]
[Black "ChadBiryani"]
[Result "1-0"]
[WhiteElo "2355"]
[BlackElo "2449"]
[TimeControl "180+1"]
[EndTime "16:00:12 PDT"]
[Termination "StopLookingAtMyProfile won by resignation"]

1. e4 d6 2. d4 Nf6 3. Nc3 e5 4. Nf3 Nbd7 5. Bc4 Be7 6. O-O O-O 7. h3 c6 8. a4 a5 9. Re1 h6 10. Nh4 exd4 11. Qxd4 Nc5 12. Ng6 Re8 13. Nxe7+ Qxe7 14. Bf4 Ncxe4 15. Nxe4 Nxe4 16. Bd3 d5 17. f3 Qc5 18. Qxc5 1-0

[Event "Late-Titled-Tuesday-Blitz-April-16-2024"]
[Site "Chess.com"]
[Date "2024.04.16"]
[Round "11"]
[White "IMGC"]
[Black "temus_galaktionov"]
[Result "0-1"]
[WhiteElo "2517"]
[BlackElo "2887"]
[TimeControl "180+1"]
[EndTime "16:00:39 PDT"]
[Termination "temus_galaktionov won by resignation"]

1. d4 c6 2. Nf3 d6 3. e3 g6 4. c4 Bg7 5. Nc3 Nd7 6. g3 Ngf6 7. Bg2 O-O 8. O-O e5 9. dxe5 dxe5 10. b3 Re8 11. Bb2 Qc7 12. Qc2 Nc5 13. Rad1 Bf5 14. e4 Nfxe4 15. Nh4 Nxg3 16. Nxf5 Nxf5 17. Ba3 Ne6 18. Ne4 Nfd4 19. Qc3 Ne2+ 0-1

[Event "Late-Titled-Tuesday-Blitz-April-16-2024"]
[Site "Chess.com"]
[Date "2024.04.16"]
[Round "11"]
[White "Bryanl106"]
[Black "BabageldiAnnaberdiyev"]
[Result "1-0"]
[WhiteElo "2711"]
[BlackElo "2603"]
[TimeControl "180+1"]
[EndTime "16:01:08 PDT"]
[Termination "Bryanl106 won by resignation"]

1. e4 e6 2. d4 d5 3. Nd2 Nf6 4. e5 Nfd7 5. f4 c5 6. c3 Nc6 7. Ndf3 cxd4 8. cxd4 Qb6 9. a3 f6 10. Bd3 a5 11. Ne2 a4 12. Nc3 Be7 13. Nxa4 Qa5+ 14. Nc3 fxe5 15. fxe5 O-O 16. O-O Rxf3 17. Qxf3 Nd8 18.
Qh5 g6 19. Bxg6 hxg6 20. Qxg6+ Kh8 21. Rf3 1-0

[Event "Late-Titled-Tuesday-Blitz-April-16-2024"]
[Site "Chess.com"]
[Date "2024.04.16"]
[Round "11"]
[White "Rutricks"]
[Black "Smiechu"]
[Result "1-0"]
[WhiteElo "2661"]
[BlackElo "2413"]
[TimeControl "180+1"]
[EndTime "16:01:10 PDT"]
[Termination "Rutricks won by resignation"]

1. g4 e5 2. Bg2 d6 3. c4 Bxg4 4. Bxb7 c6 5. Bxa8 Nf6 6. Qa4 Bd7 7. Qxa7 Be7 8. b4 Ne4 9. d3 Bg5 10. Bxg5 Qxg5 11. Qe3 Qxe3 12. fxe3 Nf6 13. a4 Ke7 14. b5 1-0

[Event "Late-Titled-Tuesday-Blitz-April-16-2024"]
[Site "Chess.com"]
[Date "2024.04.16"]
[Round "11"]
[White "AlainBruxelles"]
[Black "watermelonattackk"]
[Result "0-1"]
[WhiteElo "2382"]
[BlackElo "2495"]
[TimeControl "180+1"]
[EndTime "16:01:20 PDT"]
[Termination "watermelonattackk won by resignation"]

1. d4 Nf6 2. c4 e6 3. Nc3 Bb4 4. e3 O-O 5. Nf3 d5 6. Bd2 Re8 7. a3 Bd6 8. Bd3 c6 9. O-O Nbd7 10. Rc1 h6 11. b4 e5 12. dxe5 Nxe5 13. Nxe5 Bxe5 14. cxd5 Nxd5 15. Ne2 Bg4 16. Bb1 Qh4 17. g3 Qh5 18. Re1 Bf3 19. Qc2 Qh3 20. Qh7+ Kf8 21. Nf4 Nxf4 0-1

[Event "Late-Titled-Tuesday-Blitz-April-16-2024"]
[Site "Chess.com"]
[Date "2024.04.16"]
[Round "11"]
[White "1g60-1"]
[Black "cristiano78"]
[Result "1-0"]
[WhiteElo "2423"]
[BlackElo "2267"]
[TimeControl "180+1"]
[EndTime "16:01:35 PDT"]
[Termination "1g60-1 won by resignation"]

1. e4 c5 2. Nf3 d6 3. d4 cxd4 4. Nxd4 Nf6 5. Nc3 a6 6. Be3 e5 7. Nb3 Be6 8. f3 Nbd7 9. Qd2 Be7 10. O-O-O O-O 11. g4 b5 12. g5 b4 13. Nd5 Nxd5 14. exd5 Bf5 15. Kb1 a5 16. Bd3 Bxd3 17. Qxd3 a4 18.
Nd2 Bxg5 19. Bxg5 Qxg5 20. Ne4 Qe7 21. h4 f5 22. Ng5 Nc5 23. Qc4 b3 24. cxb3 axb3 25.
a3 Rab8 26. Rhg1 h6 27. Ne6 Nxe6 28. dxe6 Rfc8 29. Qa6 Qxe6 30. Rxd6 Qc4 31. Rd8+ Kh7 32. Qxc4 Rxc4 33. Rxb8 Rxh4 34. Rxb3 1-0

[Event "Late-Titled-Tuesday-Blitz-April-16-2024"]
[Site "Chess.com"]
[Date "2024.04.16"]
[Round "11"]
[White "picturesquecheck"]
[Black "PotapovaM"]
[Result "1-0"]
[WhiteElo "2424"]
[BlackElo "2530"]
[TimeControl "180+1"]
[EndTime "16:01:37 PDT"]
[Termination "picturesquecheck won by resignation"]

1. e4 e6 2. d4 d5 3. Nd2 dxe4 4. Nxe4 Nf6 5. Nxf6+ gxf6 6. Nf3 b6 7. Bb5+ c6 8.
Bd3 Bb7 9. c3 Nd7 10. Be3 Qc7 11. Qe2 Be7 12. O-O-O O-O-O 13. Kb1 f5 14. Rhe1 Kb8 15. g3 Bd6 16. Ba6 Nf6 17. Bxb7 Qxb7 18. Bg5 Be7 19. Qe5+ Ka8 20. Bxf6 Rd5 21. Bxh8 Rxe5 22.
Bxe5 c5 23. Re3 c4 24. d5 Bc5 25. dxe6 1-0

[Event "Late-Titled-Tuesday-Blitz-April-16-2024"]
[Site "Chess.com"]
[Date "2024.04.16"]
[Round "11"]
[White "shirovin"]
[Black "expii"]
[Result "1-0"]
[WhiteElo "2050"]
[BlackElo "2177"]
[TimeControl "180+1"]
[EndTime "16:01:43 PDT"]
[Termination "shirovin won by resignation"]

1. e4 c5 2. Nf3 d6 3. d4 cxd4 4.
Nxd4 Nf6 5. Nc3 g6 6. Be3 Bg7 7. Be2 O-O 8. O-O Nc6 9. Nb3 Ne5 10. f4 Neg4 11. Bd4 e5 12. fxe5 dxe5 13. Bc5 Re8 14. Qxd8 Rxd8 15. h3 Nh6 16. g4 g5 17. Be3 Be6 18.
Bxg5 Bxb3 19. axb3 Rd6 20. Be3 Nd7 21. Rfd1 Rxd1+ 22. Rxd1 Nb6 23. Nd5 Nxd5 24. Rxd5 Rc8 25. Bd3 f6 26.
Rd7 Nf7 27. Bc4 1-0

[Event "Late-Titled-Tuesday-Blitz-April-16-2024"]
[Site "Chess.com"]
[Date "2024.04.16"]
[Round "11"]
[White "BeanScreen"]
[Black "eljanov"]
[Result "1-0"]
[WhiteElo "2700"]
[BlackElo "2885"]
[TimeControl "180+1"]
[EndTime "16:02:04 PDT"]
[Termination "BeanScreen won by resignation"]

1. e4 c6 2. d4 d5 3. exd5 cxd5 4. Bd3 Nf6 5. c3 Bg4 6. Ne2 Nc6 7. Bf4 e6 8. Nd2 Bd6 9. Bxd6 Qxd6 10. O-O O-O 11.
Qb3 Rab8 12. a4 Rfe8 13. h3 Bf5 14. Qc2 Qc7 15. Qb1 Bxd3 16. Qxd3 e5 17. dxe5 Nxe5 18. Qg3 Qb6 19. b3 Ne4 20. Nxe4 dxe4 21. Nd4 Nd3 22. Nf5 Qg6 23. Ne7+ 1-0

[Event "Late-Titled-Tuesday-Blitz-April-16-2024"]
[Site "Chess.com"]
[Date "2024.04.16"]
[Round "11"]
[White "Shankland"]
[Black "Hikaru"]
[Result "0-1"]
[WhiteElo "2926"]
[BlackElo "3289"]
[TimeControl "180+1"]
[EndTime "16:02:19 PDT"]
[Termination "Hikaru won by resignation"]

1. d4 d5 2. c4 c6 3. Nf3 Nf6 4. Nc3 a6 5. cxd5 cxd5 6. Bf4 Nc6 7. e3 Bf5 8. Be2 e6 9. Qb3 Bb4 10. O-O O-O 11. Ne5 Bxc3 12. Nxc6 bxc6 13. Qxc3 Qb6 14. Rfc1 Rfc8 15. Qa3 h6 16. Rc3 Ne4 17. Rb3 Qa7 18. Rc1 a5 19. f3 Nd2 20. Rbc3 Nb1 21. Rxb1 Bxb1 22. Qa4 Bg6 23. b3 c5 24. Be5 f6 25.
Bd6 cxd4 26. Rxc8+ Rxc8 27. exd4 Be8 28. Bc5 Qxc5 0-1

[Event "Late-Titled-Tuesday-Blitz-April-16-2024"]
[Site "Chess.com"]
[Date "2024.04.16"]
[Round "11"]
[White "only_strong_moves"]
[Black "laskakid"]
[Result "0-1"]
[WhiteElo "2634"]
[BlackElo "2401"]
[TimeControl "180+1"]
[EndTime "16:02:20 PDT"]
[Termination "laskakid won by resignation"]

1. d4 d6 2. Nc3 Nf6 3. e4 e5 4. dxe5 dxe5 5. Qxd8+ Kxd8 6. Nf3 Bd6 7. Bg5 Be6 8.
O-O-O Nd7 9. Nb5 Ke7 10. Nh4 h6 11. Bxf6+ Nxf6 12. Nxd6 cxd6 13. Bd3 g6 14. g3 Rac8 15. Rhe1 Bxa2 16. f4 Bc4 17. fxe5 dxe5 18. Nf3 Ke6 19. Re3 Bxd3 20. Rexd3 Nxe4 21. Rd5 f6 22. Rd7 Nc5 23. R1d6+ Kf5 24. Rf7 Ne4 25. h3 Nxd6 0-1

[Event "Late-Titled-Tuesday-Blitz-April-16-2024"]
[Site "Chess.com"]
[Date "2024.04.16"]
[Round "11"]
[White "LuisFSiles"]
[Black "RantomOpening"]
[Result "0-1"]
[WhiteElo "2409"]
[BlackElo "2534"]
[TimeControl "180+1"]
[EndTime "16:02:26 PDT"]
[Termination "RantomOpening won by resignation"]

1. e4 c5 2. Nf3 e6 3. c3 Nf6 4. e5 Nd5 5. Bc4 d6 6. d4 cxd4 7. cxd4 dxe5 8. dxe5 Be7 9. O-O O-O 10. Qe2 Bd7 11. Bd2 Bc6 12. Nc3 Nxc3 13. Bxc3 Qc7 14.
Rac1 Bxf3 15. gxf3 Nc6 16. f4 Qb6 17. Qe4 Rfd8 18. f5 Nd4 19. fxe6 Nxe6 20. Rfd1 Bg5 21. Rb1 g6 22. h4 Be7 23. Kg2 h5 24. f4 Nc5 25. Qc2 Qc6+ 26. Kh3 Qf3+ 0-1

[Event "Late-Titled-Tuesday-Blitz-April-16-2024"]
[Site "Chess.com"]
[Date "2024.04.16"]
[Round "11"]
[White "ReadySkate"]
[Black "steepedgames"]
[Result "1-0"]
[WhiteElo "2640"]
[BlackElo "2512"]
[TimeControl "180+1"]
[EndTime "16:02:49 PDT"]
[Termination "ReadySkate won by resignation"]

1. d4 f5 2. Nc3 Nf6 3. Bg5 e6 4. e4 fxe4 5. Nxe4 Be7 6. Bxf6 Bxf6 7. Qh5+ g6 8. Qh6 Qe7 9. Nxf6+ Qxf6 10. Nf3 Nc6 11.
O-O-O d6 12. h4 Bd7 13. h5 O-O-O 14. Bd3 Nxd4 15. Nxd4 Qxd4 16. hxg6 hxg6 17. Qxg6 Qxf2 18.
g4 e5 19. g5 Bg4 20. Rdf1 Qe3+ 21. Kb1 Rxh1 22. Rxh1 Rf8 23. Qg7 Qf3 24. Rg1 Qf2 25. Rc1 Qf7 26. Qh6 Rg8 27. g6 Qf6 28. Rf1 Qg7 29. Qxg7 Rxg7 30. Rf7 Rg8 31. g7 Be6 32. Bf5 1-0

[Event "Late-Titled-Tuesday-Blitz-April-16-2024"]
[Site "Chess.com"]
[Date "2024.04.16"]
[Round "11"]
[White "Yushko_Olga"]
[Black "Caterpiller35"]
[Result "1-0"]
[WhiteElo "2344"]
[BlackElo "2491"]
[TimeControl "180+1"]
[EndTime "16:02:51 PDT"]
[Termination "Yushko_Olga won on time"]

1. d4 Nf6 2. c4 e6 3. Nc3 Bb4 4. Bd2 d5 5. cxd5 exd5 6. Nf3 Bxc3 7. Bxc3 O-O 8. e3 c6 9. Bd3 Bg4 10. O-O Bh5 11. Rb1 Nbd7 12. b4 a6 13. a4 Ne4 14.
Bb2 Nb6 15. Be2 Re8 16. Qc2 Qd6 17. Ba3 Qf6 18. Ne5 1-0

[Event "Late-Titled-Tuesday-Blitz-April-16-2024"]
[Site "Chess.com"]
[Date "2024.04.16"]
[Round "11"]
[White "Chempiblinka"]
[Black "giomar27"]
[Result "0-1"]
[WhiteElo "2382"]
[BlackElo "2492"]
[TimeControl "180+1"]
[EndTime "16:03:00 PDT"]
[Termination "giomar27 won by resignation"]

1. d4 f6 2. c4 g6 3. Nc3 Nh6 4.
g3 Nf7 5. Bg2 Bg7 6. e4 O-O 7.
Nf3 d6 8. O-O e5 9. h3 Nc6 10. Be3 f5 11. exf5 Bxf5 12. d5 Ne7 13. Qd2 h6 14. g4 Bd7 15. Rac1 g5 16. b4 Ng6 17. Rfe1 Nf4 18. Bf1 Nh8 19. Ne4 Nhg6 20. c5 Nxh3+ 21. Bxh3 Rxf3 22. Bg2 Nh4 23. cxd6 cxd6 24.
Qe2 Bxg4 25. Qb5 Nxg2 26. Kxg2 Qf8 27. Qxb7 Rh3 28. Ng3 Qf3+ 29. Kg1 Rxg3+ 30. fxg3 Qxg3+ 31. Kf1 Rf8+ 0-1

[Event "Late-Titled-Tuesday-Blitz-April-16-2024"]
[Site "Chess.com"]
[Date "2024.04.16"]
[Round "11"]
[White "PapaieDudu"]
[Black "katharinareinecke"]
[Result "1-0"]
[WhiteElo "2321"]
[BlackElo "2033"]
[TimeControl "180+1"]
[EndTime "16:03:05 PDT"]
[Termination "PapaieDudu won by checkmate"]

1. Nf3 d5 2. d4 Nf6 3. c4 c6 4. Nc3 e6 5. Bg5 Be7 6. e3 O-O 7. Bd3 h6 8. Bh4 dxc4 9. Bxc4 b5 10. Bb3 a6 11. O-O Bb7 12. Qe2 Nbd7 13. Rad1 Qb6 14.
e4 c5 15. d5 c4 16. Bc2 Bc5 17. dxe6 Qxe6 18. Rfe1 Rfe8 19. Nd4 Bxd4 20. Rxd4 Nc5 21. f3 Rad8 22. Rxd8 Rxd8 23. Nd1 Nd3 24. Rf1 Qb6+ 25. Kh1 Qa5 26. e5 g5 27. exf6 gxh4 28. Ne3 Qxa2 29.
Ng4 Kh7 30. Qe7 c3 31. Qxd8 cxb2 32. Bxd3+ Be4 33. Bxe4# 1-0

[Event "Late-Titled-Tuesday-Blitz-April-16-2024"]
[Site "Chess.com"]
[Date "2024.04.16"]
[Round "11"]
[White "N_Mullodzhanov"]
[Black "GoltsevDmitry2000"]
[Result "1-0"]
[WhiteElo "2561"]
[BlackElo "2746"]
[TimeControl "180+1"]
[EndTime "16:03:26 PDT"]
[Termination "N_Mullodzhanov won by resignation"]

1. e4 e6 2. d4 d5 3. Nd2 c5 4. Ngf3 Nf6 5. e5 Nfd7 6. c3 Nc6 7. Bd3 cxd4 8. cxd4 Qb6 9. Nb3 a5 10. a4 Bb4+ 11. Kf1 h6 12. g3 g5 13. Be3 Be7 14. h4 g4 15. Ng1 Nb4 16. Bb5 h5 17. Rc1 f6 18. Ne2 O-O 19. Nf4 f5 20. Rxc8 Raxc8 21. Bxd7 Rc6 22. Bxc6 Qxc6 23. Kg2 Kf7 24. Nxa5 Qc7 25.
Nb3 Qc4 26. Nd2 Qa6 27. Nxh5 Rc8 28. Nf4 Rc2 29. h5 Qxa4 30. h6 Qe8 31. h7 Qh8 32.
Qg1 Rxb2 33. Qh2 Ke8 34. Ng6 1-0

[Event "Late-Titled-Tuesday-Blitz-April-16-2024"]
[Site "Chess.com"]
[Date "2024.04.16"]
[Round "11"]
[White "noblerone"]
[Black "ritanovikova"]
[Result "1-0"]
[WhiteElo "2458"]
[BlackElo "2178"]
[TimeControl "180+1"]
[EndTime "16:03:29 PDT"]
[Termination "noblerone won by resignation"]

1. d4 g6 2. Nf3 Bg7 3. Bg5 d6 4. c3 Nf6 5. Nbd2 O-O 6. e3 Nbd7 7. Bc4 c6 8. O-O b5 9. Bb3 Bb7 10. a4 a5 11. h3 h6 12. Bh4 Re8 13. Qc2 e5 14. Qxg6 d5 15. Qc2 e4 16. Nh2 Kh8 17.
Rae1 Qc7 18. Bg3 Qd8 19. f3 Nh5 20. Bd6 Ndf6 21. Be5 Nd7 22. Bxg7+ Nxg7 23. fxe4 Qg5 24. Ndf3 Qg3 25. e5 Rg8 26. Qf2 Nh5 27. Ng4 Rxg4 28. hxg4 Qxg4 29. Nh2 Qg5 30. Qxf7 Rg8 31. Rf2 Nf8 32. Bc2 Bc8 33. Bf5 Bxf5 34. Qxf5 Qg7 35. Qxh5 1-0